 Dungeon Crawl Stone Soup version 0.20.0-8-g6b59dc7 (webtiles) character file.

691 Gorglomux the Covert (level 7, -2/67 HPs)
             Began as a Naga Enchanter on May 31, 2017.
             Slain by an ice beast (7 damage)
             ... on level 5 of the Dungeon.
             The game lasted 00:10:11 (5576 turns).

Gorglomux the Covert (Naga Enchanter)               Turns: 5576, Time: 00:10:12

Health: -2/67      AC:  7    Str: 11    XL:     7   Next: 63%
Magic:  10/10      EV: 12    Int: 15    God:
Gold:   183        SH:  0    Dex: 18    Spells: 9/10 levels left

rFire    . . .     SeeInvis +   u - +2 dagger (venom)
rCold    . . .     Gourm    .   (no shield)
rNeg     . . .     Faith    .   K - +0 scale mail
rPois    +         Spirit   .   (no helmet)
rElec    .         Reflect  .   x - +0 cloak
rCorr    .         Harm     .   (no gloves)
MR       .....                  (no barding)
Stlth    ++++......             (no amulet)
Regen    0.3/turn               (no ring)
MPRegen  0.2/turn               (no ring)

@: agile, very slow
A: see invisible, deformed body, poison resistance, slowness 2, slow metabolism
1, spit poison 1, AC +2
a: Spit Poison


You were on level 5 of the Dungeon.
You were not hungry.

You visited 1 branch of the dungeon, and saw 5 of its levels.

You collected 183 gold pieces.

Inventory:

Hand Weapons
 u - a +2 dagger of venom (weapon)
 G - a +0 hand axe
Armour
 x - a +0 cloak (worn)
 K - a +0 scale mail (worn)
Scrolls
 f - 2 scrolls of remove curse
 i - 2 scrolls of enchant weapon {unknown}
 k - 2 scrolls of amnesia {unknown}
 n - a scroll of recharging {unknown}
 y - a scroll of magic mapping {unknown}
 D - a scroll of enchant armour {unknown}
 I - a scroll of immolation {unknown}
 R - a scroll of identify
 S - a scroll of torment {unknown}
Potions
 g - 3 potions of mutation
 o - a potion of might
 q - a potion of curing {unknown}
 r - a potion of heal wounds
 v - 2 potions of agility
 w - a potion of ambrosia {unknown}
 B - a potion of cancellation {unknown}
 F - a potion of haste {unknown}
 T - a potion of flight {unknown}
Books
 c - a book of Maledictions

   Spells                             Type                      Level
   a - Corona                         Hexes                        1
   b - Ensorcelled Hibernation        Hexes/Ice                    2
   c - Confuse                        Hexes                        3
   d - Tukima's Dance                 Hexes                        3
   e - Dazzling Spray                 Conjuration/Hexes            3
Comestibles
 d - 3 bread rations
 s - 3 fruits
 z - 2 meat rations


   Skills:
 + Level 5.5 Fighting
 - Level 1.0 Short Blades
 + Level 0.0 Axes
 + Level 3.0 Armour
 - Level 1.5 Dodging
 - Level 8.0 Stealth
 - Level 2.0 Spellcasting
 - Level 3.0 Hexes


You had 9 spell levels left.
You knew the following spells:

 Your Spells              Type           Power        Failure   Level  Hunger
a - Corona                Hex            ##.....      34%         1    #......


Dungeon Overview and Level Annotations

Branches:
Dungeon (5/15)
 Temple: D:4-7

Altars:
Ashenzari
Fedhas

Shops:
D:4 %

Annotations:
D:4 1 transporter


Innate Abilities, Weirdness & Mutations

You cannot wear boots.
Your serpentine skin is tough. (AC +2)
You have supernaturally acute eyesight. (SInv)
Armour fits poorly on your strangely shaped body.
Your system is resistant to poisons. (rPois)
You cover ground very slowly.
You have a slow metabolism.
You can spit poison.


Message History

* * * LOW HITPOINT WARNING * * *
You are too injured to fight recklessly!
You feel much better. The ice beast closely misses you.
You hit the ice beast but do no damage.
The ice beast is severely wounded.
The ice beast barely misses you.
You hit the ice beast but do no damage.
The ice beast is severely wounded.
The ice beast hits you. The ice beast freezes you!
You hit the ice beast.
The ice beast is severely wounded.
The ice beast hits you.
* * * LOW HITPOINT WARNING * * *
The ice beast freezes you!
* * * LOW HITPOINT WARNING * * *
You feel agile all of a sudden. The ice beast hits you.
* * * LOW HITPOINT WARNING * * *
The ice beast freezes you!
You die...

####..#####.#.##.# #......#
#........##.#.##.###.##.#.#
#.##..##..[..........##.#.#
#.##..#####......######.#.#
#.##..#####....#........#.###
#.##........#.#########.....#
#.###########.# #.#.#.# #.#
#.# #.#.#.# #.# ##@# #.#...#
... ##.Y.## #.###.# ##.....##
#.###.# ##.......## ##.....#
#.........####...##.##
+.........'...........
#.........####...##.##
##.......## ##.###.#
##.....## ### #.#


You could see an ice beast.

Vanquished Creatures
  2 ogres
  A centaur (D:5)
  A bullfrog (D:5)
  A crimson imp (D:5)
  A hound (D:4)
  A jelly (D:5)
  3 orc wizards
  A centaur skeleton (D:4)
  5 adders
  2 oozes
  2 worms
  4 dart slugs
  4 leopard geckos
  9 orcs
  3 ball pythons
  10 bats
  2 giant cockroaches (D:4)
  7 hobgoblins
  10 jackals
  6 frilled lizards
  11 goblins
  5 kobolds
  A quokka skeleton (D:4)
  8 rats
100 creatures vanquished.

Notes
Turn   | Place    | Note
-------+----------+-------------------------------------------
     0 | D:1      | Gorglomux the Naga Enchanter began the quest for the Orb.
     0 | D:1      | Reached XP level 1. HP: 15/15 MP: 3/3
   418 | D:1      | Reached skill level 1 in Fighting
   422 | D:1      | Reached XP level 2. HP: 22/25 MP: 3/5
   527 | D:1      | Reached skill level 5 in Stealth
   754 | D:1      | Reached XP level 3. HP: 13/32 MP: 6/6
  1993 | D:2      | Reached XP level 4. HP: 34/40 MP: 7/7
  2170 | D:2      | Reached skill level 6 in Stealth
  2813 | D:3      | Found a blossoming altar of Fedhas.
  3395 | D:4      | Noticed an ogre
  3406 | D:4      | Killed an ogre
  3406 | D:4      | Reached skill level 3 in Fighting
  3406 | D:4      | Reached skill level 7 in Stealth
  3406 | D:4      | Reached XP level 5. HP: 40/49 MP: 8/8
  3625 | D:4      | Reached XP level 6. HP: 57/57 MP: 9/9
  3834 | D:4      | Reached skill level 1 in Armour
  3963 | D:4      | Found a transporter.
  4037 | D:4      | Found Gyliojutz's Food Emporium.
  4215 | D:4      | Reached skill level 8 in Stealth
  4479 | D:4      | Found a shattered altar of Ashenzari.
  4587 | D:5      | Entered Level 5 of the Dungeon
  4803 | D:5      | Reached XP level 7. HP: 66/66 MP: 10/10
  5128 | D:5      | Reached skill level 3 in Armour
  5576 | D:5      | Slain by an ice beast

Skill      XL: |  1  2  3  4  5  6  7 |
---------------+----------------------+-----
Fighting       | 1 2 3 4 5 |  5.5
Stealth        | 5 7 8 |  8.0
Armour         | 2 3 |  3.0
Short Blades   | |  1.0
Dodging        | |  1.5
Spellcasting   | |  2.0
Hexes          | |  3.0

Action                   |  1- 3 |  4- 6 |  7- 9 || total
-------------------------+-------+-------+-------++-------
Melee: Dagger            |   131 |   149 |    40 ||   320
 Cast: Corona            |     7 |       |       ||     7
 Abil: Spit Poison       |     8 |    15 |     3 ||    26
  Use: Scroll            |       |       |     5 ||     5
       Potion            |       |       |     2 ||     2
 Stab: Sleeping          |     8 |    11 |     2 ||    21
  Eat: Chunk             |     2 |     9 |     2 ||    13
Armor: Robe              |    36 |    14 |       ||    50
       Leather armour    |       |    17 |       ||    17
       Scale mail        |       |       |    14 ||    14
Dodge: Dodged            |    80 |    60 |     9 ||   149
